 Dungeon Crawl Stone Soup version 0.19-a0-1849-g2383789 (webtiles) character file.

639 Jraekied the Slasher (level 7, -1/55 HPs)
             Began as a Demonspawn Fighter on Oct 9, 2016.
             Was a Follower of Makhleb.
             Slain by Pikel
             ... wielding a +2 whip of freezing
              (7 damage)
             ... on level 5 of the Dungeon.
             The game lasted 00:09:35 (4006 turns).

Jraekied the Slasher (Demonspawn Fighter)           Turns: 4006, Time: 00:09:36

Health: -1/55      AC:  7    Str: 17    XL:     7   Next: 25%
Magic:  18/18      EV:  6    Int: 10    God:    Makhleb [*.....]
Gold:   164        SH:  8    Dex: 13    Spells: 0 memorised, 6 levels left

rFire  . . .     SeeInvis .     a - +0 long sword
rCold  . . .     Gourm    .     b - +0 scale mail
rNeg   . . .     Faith    .     c - +0 shield
rPois  .         Spirit   .     (no helmet)
rElec  .         Dismiss  .     (no cloak)
rCorr  .         Reflect  .     r - +0 pair of gloves
MR     .....     Harm     .     (no boots)
Stlth  ++........               (no amulet)
                                (no ring)
                                p - ring of magical power

@: very slightly contaminated, hasted, very quick
A: nightstalker 2, powered by death 2
a: Renounce Religion


You were on level 5 of the Dungeon.
You worshipped Makhleb.
Makhleb was aware of your devotion.
You were not hungry.

You visited 1 branch of the dungeon, and saw 5 of its levels.

You collected 164 gold pieces.

Inventory:

Hand Weapons
 a - a +0 long sword (weapon)
Missiles
 k - 72 stones
 C - 6 javelins (quivered)
Armour
 b - a +0 scale mail (worn)
 c - a +0 shield (worn)
 r - a +0 pair of gloves (worn)
Jewellery
 p - a ring of magical power (left hand)
Wands
 d - a wand of acid (5/15)
 v - a wand of disintegration (10/24)
Scrolls
 e - a scroll of random uselessness {unknown}
 g - a scroll of magic mapping {unknown}
 h - 2 scrolls of blinking
 j - 2 scrolls of remove curse
 n - 2 scrolls of noise {unknown}
 q - 6 scrolls of identify {unknown}
 u - a scroll of fog {unknown}
 y - a scroll of recharging {unknown}
 z - a scroll of enchant weapon {unknown}
Potions
 l - 3 potions of flight {unknown}
 m - 2 potions of lignification {unknown}
 o - a potion of magic {unknown}
 t - a potion of haste
 x - a potion of resistance {unknown}
 A - a potion of curing {unknown}
 B - a potion of mutation {unknown}
 D - a potion of invisibility {unknown}
Comestibles
 i - 3 meat rations
 w - a royal jelly


   Skills:
 - Level 4.6 Fighting
 * Level 6.1 Long Blades
 - Level 2.6 Armour
 - Level 2.6 Shields
 + Level 3.1 Invocations


You had 6 spell levels left.
You didn't know any spells.

Dungeon Overview and Level Annotations

Branches:
Dungeon (5/15)
 Temple: D:4-7

Altars:
Cheibriados
Dithmenos
Makhleb
Nemelex Xobeh
Qazlal
Yredelemnul
The Shining One

Annotations:
D:4 Ultraviolent4's ghost, amateur FoFi
D:5 Pikel


Innate Abilities, Weirdness & Mutations

You are significantly more attuned to the shadows.
You regenerate health from kills.


Message History

You throw a javelin.
The javelin hits Pikel but does no damage.
Pikel is heavily wounded.
Throwing (i - inventory. (,) - cycle):
C - 7 javelins (quivered)
Press: ? - help, Shift-Dir - straight line, f/p - Pikel
Aim: Pikel, wielding a whip of freezing and wearing a robe (heavily wounded)
You throw a javelin. The javelin barely misses Pikel.
You block Pikel's attack.
You hit Pikel but do no damage.
Pikel is heavily wounded.
You block Pikel's attack.
You closely miss Pikel.
Pikel is heavily wounded.
Pikel says, "You'll feel the lick of my whip!"
Pikel hits you with a whip of freezing!
* * * LOW HITPOINT WARNING * * *
Pikel freezes you.
* * * LOW HITPOINT WARNING * * *
It was a potion of haste.
You feel yourself speed up. Pikel hits you with a whip of freezing!
You die...

#..# #..######
#(......# ##.####.#
#. #.####.# #h
#.#....# ###)
#.#.#### ...
#######.#.#
####.#####.@.....#.#
#...).p.##K#######.#
#.##.##p##p#....##.#
#...p.pp#.......#
#..##########.####
#.# #.# #. #.# #.#
#<#


You could see Pikel and 3 slaves.

Vanquished Creatures
  The ghost of alcopop the Digger, an amateur OpEE (D:3)
  An ogre (D:5)
  A bullfrog (D:5)
  Blork the orc (D:4)
  A hound (D:5)
  3 orc wizards
  Ijyb (D:2)
  A worker ant (D:4)
  A howler monkey zombie (D:3)
  5 adders
  4 oozes
  2 worms
  2 dart slugs
  2 leopard geckos (D:2)
  8 orcs
  A giant cockroach (D:1)
  7 goblins
  5 hobgoblins
  5 jackals
  5 kobolds
  2 quokkas
  5 bats
  8 frilled lizards
  A quokka skeleton (D:4)
  12 rats
85 creatures vanquished.

Notes
Turn   | Place    | Note
-------+----------+-------------------------------------------
     0 | D:1      | Jraekied the Demonspawn Fighter began the quest for the Orb.
     0 | D:1      | Reached XP level 1. HP: 18/18 MP: 1/1
   111 | D:1      | Reached skill level 2 in Long Blades
   115 | D:1      | Gained mutation: You are slightly more attuned to the shadows. [demonic ancestry]
   115 | D:1      | Reached XP level 2. HP: 21/24 MP: 2/2
   345 | D:1      | Reached XP level 3. HP: 23/29 MP: 3/3
   881 | D:2      | Noticed Ijyb
   893 | D:2      | Killed Ijyb
   893 | D:2      | Reached skill level 3 in Long Blades
  1031 | D:2      | Gained mutation: You are significantly more attuned to the shadows. [demonic ancestry]
  1031 | D:2      | Reached XP level 4. HP: 32/37 MP: 4/4
  1085 | D:2      | Found a burning altar of Makhleb.
  1085 | D:2      | Found a sparkling altar of Nemelex Xobeh.
  1099 | D:2      | Found a stormy altar of Qazlal.
  1099 | D:2      | Found a shadowy altar of Dithmenos.
  1108 | D:2      | Became a worshipper of Makhleb the Destroyer
  1987 | D:3      | Noticed alcopop's ghost (amateur OpEE)
  1993 | D:3      | Killed alcopop's ghost
  1993 | D:3      | Reached skill level 4 in Long Blades
  1993 | D:3      | Reached XP level 5. HP: 8/42 MP: 5/5
  1999 | D:3      | HP: 1/43 [orc wizard/puff of flame (8)]
  2330 | D:3      | Gained mutation: You regenerate a little health from kills. [demonic ancestry]
  2330 | D:3      | Reached XP level 6. HP: 46/49 MP: 6/6
  2463 | D:3      | Reached * piety under Makhleb
  2758 | D:4      | Found a snail-covered altar of Cheibriados.
  2798 | D:4      | Reached skill level 5 in Long Blades
  2798 | D:4      | Reached skill level 1 in Invocations
  2886 | D:4      | Noticed Blork the orc
  2903 | D:4      | Killed Blork the orc
  3203 | D:4      | Found a glowing golden altar of the Shining One.
  3212 | D:4      | Found a basalt altar of Yredelemnul.
  3215 | D:4      | Noticed a profane servitor
  3227 | D:4      | Noticed an angel
  3403 | D:4      | Noticed Ultraviolent4's ghost (amateur FoFi)
  3899 | D:5      | Entered Level 5 of the Dungeon
  3943 | D:5      | Gained mutation: You regenerate health from kills. [demonic ancestry]
  3943 | D:5      | Reached XP level 7. HP: 28/55 MP: 9/9
  3961 | D:5      | Reached skill level 6 in Long Blades
  3973 | D:5      | Noticed Pikel
  4006 | D:5      | Slain by Pikel

Vault maps used:
D:1:      scummos_arrival_gate
D:2:      grunt_temple_overflow_open, uniq_iyjb
D:3:      serial_bayou_lake_a
D:4:      grunt_temple_overflow_holy_war, cheibriados_altar_1,
          uniq_blork_the_orc
D:5:      minmay_opposing_rooms, first_bread, trog_wizard, uniq_pikel,
          uniq_edmund

Skill      XL: |  1  2  3  4  5  6  7 |
---------------+----------------------+-----
Long Blades    | 2 3 4 5 6 |  6.1
Fighting       | 4 |  4.6
Invocations    | 2 3 |  3.1
Armour         | |  2.6
Shields        | |  2.6

Action                   |  1- 3 |  4- 6 |  7- 9 || total
-------------------------+-------+-------+-------++-------
Melee: Long sword        |   101 |   224 |    52 ||   377
Throw: Stone             |       |     1 |       ||     1
       Javelin           |       |       |     2 ||     2
  Use: Potion            |       |     4 |     2 ||     6
       Scroll            |       |     1 |     1 ||     2
 Stab: Sleeping          |       |    12 |       ||    12
       Distracted        |       |     1 |       ||     1
  Eat: Chunk             |       |     8 |       ||     8
       Bread ration      |       |     1 |       ||     1
Armor: Scale mail        |    45 |   102 |    23 ||   170
Dodge: Dodged            |    22 |    54 |    10 ||    86
Block: Shield            |    57 |    67 |    21 ||   145
       Rpst.: Long sword |     8 |    18 |     1 ||    27
